AoeStats
← Here's Jhony!

Arena

506146193Analyzed
3v3 RM · 19d ago on Sep 12, 2026· 52m 8s· 6 players
Game mode
Random Map
Map size
Normal (6 player)
Population
200
Speed
Normal
Resources
Standard
Victory
Conquest
Starting age
Dark Age
Ending age
Imperial Age
RankedLock teamsTeams togetherTeam positionsShared explorationLock speedFull tech treeHidden civsTurbo modeCheats
Victory
Defeat
🇨🇾 Japanese · Cyprus
1144
+16
🇵🇪 Persians · Peru
1121
+17
🇧🇪 Huns · Belgium
1103
+18
🇨🇴 Wu · Colombia
1203
-18
🇨🇴 Franks · Colombia
1131
-17
🇨🇴 Bohemians · Colombia
1122
-16
fuita
8:39 Loom
11:33 Feudal Age
13:55 Wheelbarrow
17:03 Castle Age
15:12 Double-Bit Axe
15:18 Gold Mining
16:17 Horse Collar
24:35 Squires
24:24 Arson
24:56 Heavy Plow
26:59 Scale Mail Armor
27:19 Forging
28:36 Chain Mail Armor
30:57 Gold Shaft Mining
35:11 Imperial Age
34:57 Iron Casting
33:45 Pikeman
35:39 Bow Saw
38:12 Blast Furnace
37:43 Plate Mail Armor
36:36 Halberdier
37:28 Town Watch
40:58 Chemistry
42:24 Hand Cart
42:59 Ballistics
44:16 Two-Man Saw
44:08 Stone Mining
46:58 Conscription
46:59 Kataparuto
50:53 Town Patrol
50:38 Treadmill Crane
51:04 Siege Engineers
52:51 Masonry
52:37 Murder Holes
Hanzani
12:21 Feudal Age
16:39 Castle Age
14:44 Double-Bit Axe
14:57 Horse Collar
16:51 Fletching
18:06 Bow Saw
18:41 Loom
19:56 Wheelbarrow
20:24 Bodkin Arrow
21:05 Padded Archer Armor
22:23 Leather Archer Armor
25:32 Ballistics
29:53 Bloodlines
30:05 Hand Cart
30:15 Murder Holes
33:41 Imperial Age
31:45 Husbandry
31:06 Light Cavalry
31:56 Town Watch
33:49 Heavy Cavalry Archer
35:12 Bracer
38:23 Scale Barding Armor
38:29 Forging
39:39 Chemistry
39:23 Cavalier
42:08 Chain Barding Armor
42:24 Iron Casting
41:56 Hussar
43:13 Heavy Plow
46:58 Blast Furnace
48:05 Two-Man Saw
48:06 Conscription
49:10 Plate Barding Armor
49:22 Stone Mining
49:23 Gold Mining
51:27 Atheism
EL CHANCHO 3026
10:49 Feudal Age
11:33 Loom
11:38 Town Watch
14:38 Castle Age
12:24 Loom
12:35 Double-Bit Axe
13:06 Town Watch
13:24 Horse Collar
15:16 Wheelbarrow
24:08 Hand Cart
24:36 Padded Archer Armor
25:08 Thumb Ring
26:00 Leather Archer Armor
26:47 Elite Skirmisher
29:26 Fletching
31:55 Husbandry
32:03 Scale Barding Armor
34:33 Bodkin Arrow
34:59 Chain Barding Armor
35:39 Forging
36:36 Parthian Tactics
39:23 Bloodlines
39:51 Iron Casting
40:09 Heavy Plow
40:24 Scale Mail Armor
44:56 Imperial Age
42:41 Devotion
42:33 Crossbowman
44:50 Chain Mail Armor
45:34 Conscription
46:57 Chemistry
46:18 Ballistics
48:02 Masonry
47:59 Capped Ram
50:12 Crop Rotation
51:29 Bow Saw
51:46 Kamandaran
52:31 Ring Archer Armor
52:37 Plate Barding Armor
Ctrl Gio
10:11 Feudal Age
10:32 Loom
15:19 Castle Age
13:29 Double-Bit Axe
15:39 Town Watch
21:01 Fervor
21:47 Fletching
22:43 Bodkin Arrow
26:02 Bow Saw
51:37 Horse Collar
Here's Jhony!
10:28 Feudal Age
15:22 Castle Age
13:51 Double-Bit Axe
17:07 Town Watch
18:33 Wheelbarrow
18:26 Loom
19:07 Bow Saw
19:13 Forging
21:27 Scale Barding Armor
23:12 Town Patrol
25:25 Chain Barding Armor
25:36 Husbandry
27:08 Iron Casting
28:19 Hand Cart
28:45 Fletching
33:34 Imperial Age
33:54 Cavalier
35:13 Plate Barding Armor
34:48 Stone Mining
34:52 Gold Mining
36:51 Blast Furnace
36:33 Paladin
37:55 Bodkin Arrow
41:32 Conscription
41:48 Hoardings
41:59 Scale Mail Armor
42:28 Murder Holes
42:40 Siege Engineers
41:59 Pikeman
42:44 Squires
42:32 Arson
43:05 Chain Mail Armor
43:17 Halberdier
47:26 Padded Archer Armor
47:57 Plate Mail Armor
47:41 Elite Skirmisher
49:12 Chivalry
50:07 Leather Archer Armor
julianlgp
7:47 Loom
9:55 Feudal Age
15:30 Castle Age
14:12 Double-Bit Axe
16:27 Horse Collar
18:02 Fletching
22:44 Bodkin Arrow
23:58 Padded Archer Armor
25:10 Scale Mail Armor
25:53 Leather Archer Armor
26:44 Forging
27:00 Squires
28:41 Red Cliffs Tactics
28:37 Arson
31:41 Wheelbarrow
31:00 Gold Mining
31:02 Pikeman
31:39 Town Watch
33:10 Fervor
37:00 Hand Cart
41:45 Imperial Age
39:16 Town Patrol
39:22 Murder Holes
39:08 Treadmill Crane
40:09 Bow Saw
40:05 Heavy Plow
41:36 Chain Mail Armor
41:56 Iron Casting
43:01 Plate Mail Armor
43:00 Conscription
43:19 Halberdier
45:35 Blast Furnace
46:19 Gold Shaft Mining
50:14 Chemistry
Connection lost

Rejoining the realm…

Still unreachable

The connection could not be restored.

Session expired

The server has moved on; the page needs a fresh start.